 Dungeon Crawl Stone Soup version 0.29-a0-88-g03a7b78be7 (webtiles) character file.

Game seed: 4706048560338116426

3220 lordive the Grappler (level 9, -3/83 HPs)
             Began as a Troll Warper on Feb 5, 2022.
             Was a Priest of Cheibriados.
             Slain by a two-headed ogre (14 damage)
             ... on level 7 of the Dungeon.
             The game lasted 00:12:42 (5675 turns).

lordive the Grappler (Troll Warper)                 Turns: 5675, Time: 00:12:42

Health: -3/83      AC:  7    Str: 28    XL:     9   Next: 66%
Magic:  3/10       EV: 12    Int: 20    God:    Cheibriados [***...]
Gold:   227        SH:  0    Dex: 16    Spells: 8/11 levels left

rFire   . . .      SeeInvis .     - Unarmed
rCold   . . .      Faith    .   (no shield)
rNeg    . . .      Spirit   .   a - +0 robe
rPois   .          Reflect  .   (helmet restricted)
rElec   .          Harm     .   d - +2 cloak
rCorr   +          Rampage  .   (gloves unavailable)
Will    .....                   (boots unavailable)
Stlth   ++........              (no amulet)
HPRegen 1.03/turn               l - ring of resist corrosion
MPRegen 0.12/turn               v - ring of flight

@: mighty, brilliant, flying, very slow
A: large, unfitting armour, claws 3, regeneration 1, shaggy fur 1, tough skin 1
a: Renounce Religion, Bend Time, Temporal Distortion


You were on level 7 of the Dungeon.
You worshipped Cheibriados.
Cheibriados was most pleased with you.
You visited 2 branches of the dungeon, and saw 9 of its levels.

You collected 227 gold pieces.

Inventory:

Missiles
 q - a throwing net (quivered)
 u - 3 boomerangs
Armour
 a - a +0 robe (worn)
 d - a +2 cloak (worn)
Jewellery
 l - a ring of resist corrosion (left claw)
 v - a ring of flight (right claw)
 y - a +6 ring of dexterity
Wands
 e - a wand of polymorph (8)
 t - a wand of charming (10)
 A - a wand of iceblast (8)
 G - a wand of mindburst (13)
Scrolls
 b - a scroll of blinking
 f - a scroll of acquirement
 g - 2 scrolls of magic mapping
 h - 4 scrolls of teleportation
 j - 4 scrolls of enchant armour
 k - a scroll of fog {unknown}
 m - 4 scrolls of amnesia {unknown}
 o - 2 scrolls of vulnerability {unknown}
 p - a scroll of silence {unknown}
 r - a scroll of noise {unknown}
 s - a scroll of summoning {unknown}
 w - a scroll of enchant weapon {unknown}
 x - 2 scrolls of identify
 C - a scroll of fear {unknown}
 E - a scroll of holy word {unknown}
Potions
 i - a potion of cancellation
 n - a potion of haste
 D - 2 potions of curing


   Skills:
 + Level 3.3 Fighting
 - Level 0.8 Throwing
 + Level 4.7 Dodging
 + Level 2.2 Stealth
 + Level 9.2 Unarmed Combat
 + Level 1.6 Spellcasting
 * Level 5.6 Translocations


You had 8 spell levels left.
You knew the following spells:

 Your Spells              Type           Power      Damage    Failure   Level
a - Teleport Other        Tloc           36%        N/A       4%          3

Your spell library contained the following spells:

 Spells                   Type           Power      Damage    Failure   Level
 Blink                    Tloc           72%        N/A       2%          2
 Gell's Gravitas          Tloc           36%        N/A       4%          3
 Lesser Beckoning         Tloc           36%        N/A       4%          3
 Portal Projectile        Hex/Tloc       38%        N/A       16%         3
 Pain                     Necr           8%         1d4       17%         1
 Manifold Assault         Tloc           36%        N/A       41%         5
 Call Canine Familiar     Summ           2%         N/A       45%         3
 Leda's Liquefaction      Hex/Erth       1%         N/A       86%         4
 Agony                    Necr           2%         N/A       99%         5
 Excruciating Wounds      Necr           1%         N/A       99%         5


Dungeon Overview and Level Annotations

Branches:
Dungeon (8/15)             Temple (1/1) D:5
   Lair: D:8-11

Altars:
Ashenzari
Cheibriados
Dithmenos
Elyvilon
Gozag
Hepliaklqana
Kikubaaqudgha
Makhleb
Nemelex Xobeh
Okawaru
Qazlal
Ru
Trog
Uskayaw
Yredelemnul
Zin
The Shining One

Shops:
D:4 *

Annotations:
D:8 3 runed translucent doors, Foxy's ghost, novice MfGl; indyram44's ghost, novice FoFi


Innate Abilities, Weirdness & Mutations

You are too large for most types of armour.
You have claws for hands.
Your natural rate of healing is unusually fast.
You are covered in fur. (AC +1)
You have tough skin. (AC +1)


Message History

Press: ? - help, Q - select action, (/) - cycle Shift-Dir - straight line, f/p - two-headed ogre
Aim: a two-headed ogre, wielding a +0 giant club and a +0 giant spiked club (lightly wounded, 75% to hit)
You throw a boomerang of dispersal.
The boomerang of dispersal hits the two-headed ogre.
The two-headed ogre blinks!
Okay, then.
You fly downwards.
Level annotation: 3 runed translucent doors, Foxy's ghost, novice MfGl; indyram44's ghost, novice FoFi
There is a stone staircase leading up, spattered with blood here.
The orc wizard hits you but does no damage.
Your magical contamination has completely faded away.
You fly upwards.
There is a stone staircase leading down, spattered with blood here.
You barely miss the orc wizard. Your claw misses the orc wizard.
The orc wizard hits you with a +0 dagger.
* * * LOW HITPOINT WARNING * * *
You claw the orc wizard!
The orc wizard is severely wounded.
The orc wizard hits you but does no damage.
You scratch the orc wizard.
You claw the orc wizard, but do no damage.
The orc wizard is severely wounded.
The orc wizard hits you but does no damage.
You scratch the orc wizard but do no damage.
The orc wizard is severely wounded.
The orc wizard hits you with a +0 dagger.
* * * LOW HITPOINT WARNING * * *
You claw the orc wizard!
You kill the orc wizard!
Cheibriados thoroughly appreciates the change of pace.
It was a potion of flight.
You feel more buoyant.
It was a potion of might.
You feel very mighty all of a sudden.
It was a potion of brilliance.
You feel clever all of a sudden.
The two-headed ogre hits you with a +0 giant club!
* * * LOW HITPOINT WARNING * * *
The two-headed ogre hits you with a +0 giant spiked club!
You die...

.....#
#...............#
.....##
#...............#
......#
#..............##
......#
##.............#
......##
#............## #####
.......#
#.)..........# #...#
.......#
##..........### ##...#
.......#
#.....O...#..## #....#
.......#
#....@...###..###.....
......## ##..)....#
##..#...... ....###
#......## ##........
..### ##....##
##....... ### ######
#......# #.####.# #.##
### #..## #...##


You could see a two-headed ogre.

Vanquished Creatures
  Sigmund (D:2)
  6 yaks
  Edmund (D:4)
  A water moccasin (D:5)
  A sky beast (D:6)
  2 centaurs (D:8)
  An ogre (D:4)
  2 phantoms (D:7)
  3 bullfrogs
  3 scorpions
  3 killer bees (D:8)
  4 wights (D:6)
  A howler monkey (D:4)
  A centaur zombie (D:7)
  4 jellies
  2 orc priests (D:6)
  A bullfrog skeleton (D:7)
  4 hounds
  3 iguanas
  Natasha (D:4)
  2 orc wizards
  A killer bee zombie (D:7)
  6 gnolls
  8 adders
  A white imp (D:6)
  2 ufetubi
  An adder skeleton (D:2)
  2 worms
  4 dart slugs
  21 orcs
  5 bats
  An endoplasm (D:2)
  A giant cockroach (D:4)
  16 goblins
  10 hobgoblins
  3 jackals (D:1)
  2 quokkas
  3 ball pythons
  A frilled lizard (D:2)
  5 kobolds
  7 rats
147 creatures vanquished.

Vanquished Creatures (others)
  4 withered plants (D:8)
4 creatures vanquished.

Grand Total: 151 creatures vanquished

Notes
Turn   | Place    | Note
-------+----------+-------------------------------------------
     0 | D:1      | lordive the Troll Warper began the quest for the Orb.
     0 | D:1      | Reached XP level 1. HP: 19/19 MP: 1/1
   151 | D:1      | Reached XP level 2. HP: 27/27 MP: 2/2
   321 | D:3      | Found a faded altar of an unknown god.
   394 | D:4      | Found a sacrificial altar of Ru.
   414 | D:4      | Reached XP level 3. HP: 32/35 MP: 2/4
   461 | D:4      | Noticed an ogre
   462 | D:4      | Noticed Edmund
   534 | D:4      | Killed an ogre
   535 | D:4      | Reached skill level 3 in Unarmed Combat
   535 | D:4      | Reached XP level 4. HP: 41/42 MP: 5/5
   541 | D:4      | Killed Edmund
   542 | D:4      | Reached XP level 5. HP: 33/49 MP: 6/6
   628 | D:4      | Reached XP level 6. HP: 57/57 MP: 7/7
   886 | D:4      | Reached skill level 4 in Unarmed Combat
   942 | D:4      | Noticed Natasha
   947 | D:4      | Killed Natasha
   965 | D:4      | Found Faxki's Mass Market.
  1337 | D:5      | Entered Level 5 of the Dungeon
  1427 | D:5      | Reached XP level 7. HP: 65/65 MP: 8/8
  1493 | D:5      | Found a staircase to the Ecumenical Temple.
  1523 | Temple   | Entered the Ecumenical Temple
  1604 | Temple   | Became a worshipper of Cheibriados the Contemplative
  2356 | D:2      | Noticed Sigmund
  2401 | D:2      | Killed Sigmund
  2402 | D:2      | Reached skill level 1 in Stealth
  2402 | D:2      | Reached skill level 5 in Unarmed Combat
  2455 | D:2      | Reached * piety under Cheibriados
  3614 | D:5      | Reached skill level 6 in Unarmed Combat
  3614 | D:5      | Reached XP level 8. HP: 68/74 MP: 9/9
  3764 | D:6      | Found a glowing golden altar of the Shining One.
  3908 | D:6      | Reached ** piety under Cheibriados
  4143 | D:6      | HP: 1/72 [orc (6)]
  4150 | D:6      | HP: 1/73 [orc priest (8)]
  4152 | D:6      | Reached skill level 7 in Unarmed Combat
  4579 | D:7      | Learned a level 3 spell: Teleport Other
  4702 | D:7      | Identified a scroll of acquirement
  4714 | D:7      | Reached skill level 5 in Translocations
  4956 | D:7      | Found a white marble altar of Elyvilon.
  4956 | D:7      | Found a hide-covered altar of Uskayaw.
  5063 | D:7      | Reached XP level 9. HP: 78/80 MP: 10/10
  5335 | D:8      | Reached skill level 8 in Unarmed Combat
  5349 | D:8      | Reached *** piety under Cheibriados
  5515 | D:8      | Found a runed translucent gate.
  5515 | D:8      | Found a runed translucent gate.
  5515 | D:8      | Found a runed translucent gate.
  5554 | D:8      | Noticed indyram44's ghost (novice FoFi)
  5554 | D:8      | Noticed Foxy's ghost (novice MfGl)
  5610 | D:8      | Reached skill level 9 in Unarmed Combat
  5651 | D:8      | Noticed a two-headed ogre
  5675 | D:7      | Slain by a two-headed ogre

Illustrated notes

Levels and vault maps discovered:
D:1:      roderic_dead_forest, layout_loops_ring
D:2:      layout_rooms, amcnicky_mini_rare_corridor_liquid, grunt_ministairs_1,
          uniq_sigmund
D:3:      layout_basic, chequers_ecumenical_altar_island,
          minmay_misc_feat_plants
D:4:      layout_basic, hangedman_ru_absence, minmay_shop_mass, uniq_edmund,
          uniq_natasha
D:5:      layout_basic, minmay_temple_entry_junction_2
D:6:      layout_basic, nicolae_tso_carved_into_rock
D:7:      layout_cave_pods, mainiacjoe_overflow_divided_tiny
D:8:      layout_basic, gammafunk_ghost_cemetery, minmay_lindwurm_lava
Temple:   dshaligram_water_room_temple

Skill      XL: |  1  2  3  4  5  6  7  8  9 |
---------------+----------------------------+-----
Dodging        | 2 3 4 |  4.7
Unarmed Combat | 3 4 6 7 9 |  9.2
Translocations | 3 4 5 |  5.6
Fighting       | 2 3 |  3.3
Stealth        | 1 2 |  2.2
Throwing       | |  0.8
Spellcasting   | |  1.6

Action                   |  1- 3 |  4- 6 |  7- 9 || total
-------------------------+-------+-------+-------++-------
Melee: Unarmed           |    53 |    70 |   341 ||   464
       Punch             |     2 |     5 |    16 ||    23
Throw: Boomerang         |       |       |     5 ||     5
 Cast: Teleport Other    |       |       |     2 ||     2
  Use: Potion            |       |       |     8 ||     8
       Scroll            |       |       |     5 ||     5
 Stab: Sleeping          |       |       |     5 ||     5
Armor: Robe              |    19 |    21 |   125 ||   165
       Skin              |       |       |    12 ||    12
Dodge: Dodged            |    32 |    33 |   149 ||   214

Table legend: (Time is in decaauts)
 A = Elapsed time spent in this place.
 B = Non-inter-level travel time spent in this place.
 C = Inter-level travel time spent in this place.
 D = Time resting spent in this place.
 E = Time spent auto-exploring this place.
 F = Levels seen in this place.
 G = Mean time per level.
                   A        B        C        D        E       F      G
               +--------+--------+--------+--------+--------+-----+--------+
         Total |   6973 |   6409 |    564 |    252 |   4887 |   9 |  774.8 |
       Dungeon |   6871 |   6328 |    543 |    252 |   4827 |   8 |  858.9 |
        Temple |    101 |     81 |     20 |      0 |     60 |   1 |  101.0 |
               +--------+--------+--------+--------+--------+-----+--------+

Top non-repeatable levels by time:
     D:6: 1104 daAuts
     D:7: 1073 daAuts
     D:4: 1046 daAuts
     D:5: 945 daAuts
     D:3: 911 daAuts
     D:1: 785 daAuts
     D:2: 529 daAuts
     D:8: 475 daAuts
  Temple: 101 daAuts
